 Dungeon Crawl Stone Soup version 0.28-a0-1412-gf95308ed99 (webtiles) character file.

Game seed: 3175973685019430788

313 croobank the Ducker (level 6, -2/32 HPs)
             Began as a Spriggan Abyssal Knight on Jan 7, 2022.
             Was a Believer of Lugonu.
             Killed by divine providence
             ... invoked by an orc priest
              (12 damage)
             ... on level 4 of the Dungeon.
             The game lasted 00:17:37 (4728 turns).

croobank the Ducker (Spriggan Abyssal Knight)       Turns: 4728, Time: 00:17:38

Health: -2/32      AC:  3    Str: 11    XL:     6   Next: 19%
Magic:  9/9        EV: 19    Int: 12    God:    Lugonu [**....]
Gold:   150        SH:  0    Dex: 15    Spells: 5/5 levels left

rFire   . . .      SeeInvis +   k - +2 short sword (venom)
rCold   . . .      Faith    .   (no shield)
rNeg    . . .      Spirit   .   b - +1 robe
rPois   .          Reflect  .   (helmet restricted)
rElec   .          Harm     .   (no cloak)
rCorr   .          Rampage  .   (gloves unavailable)
Will    +....                   (boots unavailable)
Stlth   +.........              (no amulet)
HPRegen 0.10/turn               (no ring)
MPRegen 0.11/turn               (no ring)

@: very quick
A: very small, no large weapons, unfitting armour, see invisible, speed 3
a: Renounce Religion, Depart the Abyss, Bend Space


You were on level 4 of the Dungeon.
You worshipped Lugonu.
Lugonu was pleased with you.
You visited 1 branch of the dungeon, and saw 4 of its levels.
You visited the Abyss 1 time.

You collected 150 gold pieces.

Inventory:

Hand Weapons
 a - a +1 vorpal short sword
 k - a +2 short sword of venom (weapon)
 l - a +2 dagger of draining
Missiles
 e - 126 stones
 j - 61 arrows
 n - 44 bolts
 o - 12 sling bullets
Armour
 b - a +1 robe (worn)
Scrolls
 f - a scroll of enchant armour
 g - 3 scrolls of identify
 q - a scroll of teleportation {unknown}
 r - a scroll of fear {unknown}
 s - a scroll of amnesia {unknown}
 t - a scroll of summoning {unknown}
Potions
 c - 2 potions of magic
 d - 2 potions of mutation {unknown}
 h - a potion of berserk rage {unknown}
 i - a potion of heal wounds {unknown}
 m - 2 potions of might {unknown}
 p - a potion of haste {unknown}


   Skills:
 + Level 3.5 Fighting
 + Level 4.0 Short Blades
 + Level 5.2 Dodging
 + Level 3.5 Invocations


You had 5 spell levels left.
You didn't know any spells.
Your spell library contained the following spells:

 Spells                   Type           Power      Damage    Failure   Level
 Stone Arrow              Conj/Erth      0%         3d7       69%         3
 Animate Armour           Summ/Erth      0%         N/A       97%         4
 Lehudib's Crystal Spear  Conj/Erth      0%         10d2      100%        8


Dungeon Overview and Level Annotations

Branches:
Dungeon (4/15)             Temple (0/1) D:4

Altars:


Innate Abilities, Weirdness & Mutations

You are very small and have problems with some larger weapons.
You are too small for most types of armour.
You have supernaturally acute eyesight. (SInv)
You cover ground extremely quickly. (Speed+++)


Message History

You hit the endoplasm.
You kill the endoplasm!
Lugonu accepts your kill.
You start resting.
HP restored.
There is a stone staircase leading down here.
You climb downwards.
There is a stone staircase leading up here.
A centaur comes into view.
Found a scroll of identify.
The centaur shouts!
You hear a shout!
The centaur wields a +0 shortbow.
The centaur shoots an arrow.
The arrow closely misses you.
The centaur unwields a +0 shortbow.
The centaur hits you but does no damage.
The centaur misses you.
You hit the centaur but do no damage.
The centaur is poisoned.
The centaur hits you. The centaur kicks you.
You hit the centaur.
The centaur looks as sick as possible!
The centaur is moderately wounded.
The centaur barely misses you. x2
You hit the orc priest.
The orc priest is lightly wounded.
The centaur hits you but does no damage.
The centaur kicks you. The orc priest barely misses you.
You closely miss the orc priest.
The orc priest is lightly wounded.
The centaur hits you. The centaur closely misses you.
The orc priest hits you with a +0 short sword.
The centaur barely misses you. The centaur kicks you.
You hit the orc priest.
The orc priest is poisoned.
The orc priest is heavily wounded.
The centaur barely misses you. The centaur kicks you.
The orc priest misses you.
You barely miss the orc priest.
The orc priest is heavily wounded.
The centaur hits you. The centaur misses you.
The orc priest invokes the aid of Beogh against you.
Beogh smites you!
You die...

#.#...#.#########.#####
#....o.......[....†...o
#....##.#########......
#..<..............#####
#....##.#########.###
#.#.###.# #####...#
#.#.###.### #.....#.###
........#..o....#
#.....#....
c...?......c@.#.#
#..........
.....###.#..#.#
#.....#..## .....
#.#..#.# #.....#..##
.... #.#..#.#
#....o#.... ...
..#....# #.....#.#..
... ###.#..#
###.......# ...#..#
#..#..#.. #####..#
#..#..##. #..#
#..#..###


You could see a centaur (very poisoned) and an orc priest (very poisoned).

Vanquished Creatures
  A water moccasin skeleton (D:4)
  An iguana (D:4)
  A gnoll (D:3)
  5 adders
  An adder skeleton (D:4)
  4 worms
  A dart slug (D:2)
  6 orcs
  2 ball pythons
  6 endoplasms
  6 hobgoblins
  8 jackals
  2 quokkas (D:1)
  10 bats
  8 frilled lizards
  10 goblins
  11 kobolds
  3 rats
86 creatures vanquished.

Notes
Turn   | Place    | Note
-------+----------+-------------------------------------------
     0 | Abyss:1  | croobank the Spriggan Abyssal Knight began the quest for
                  | the Orb.
     0 | Abyss:1  | Reached XP level 1. HP: 11/11 MP: 3/3
    73 | Abyss:1  | Noticed a large abomination
   107 | Abyss:2  | Noticed a ynoxinul
   108 | Abyss:2  | Noticed an unseen horror
   111 | D:1      | Escaped the Abyss
   623 | D:1      | Reached XP level 2. HP: 16/16 MP: 4/4
   710 | D:1      | Reached * piety under Lugonu
  1584 | D:1      | Reached XP level 3. HP: 19/19 MP: 5/5
  1940 | D:2      | Reached skill level 4 in Dodging
  2301 | D:2      | Reached ** piety under Lugonu
  2308 | D:2      | Reached XP level 4. HP: 6/23 MP: 6/6
  3025 | D:3      | You fall into a shaft and drop 1 floor!
  3155 | D:4      | Noticed an ogre
  3278 | D:4      | Reached XP level 5. HP: 28/28 MP: 8/8
  3300 | D:4      | Found a staircase to the Ecumenical Temple.
  3496 | D:3      | Found a faded altar of an unknown god.
  3693 | D:3      | Reached *** piety under Lugonu
  4024 | D:4      | Banished an ogre
  4025 | D:4      | Reached skill level 5 in Dodging
  4025 | D:4      | Reached XP level 6. HP: 32/32 MP: 4/9
  4728 | D:4      | Killed from afar by an orc priest

Illustrated notes

Levels and vault maps discovered:
D:1:      lightli_arrival_flooded_house, layout_loops_ring, st_stairs_10,
          nicolae_figureground_pulse
D:2:      layout_basic
D:3:      cheibrodos_helix_gallery, layout_basic, shapermc_ecumenical_altar_gd,
          minmay_cupped
D:4:      layout_basic, minmay_temple_entry_tees, serial_shops,
          nicolae_shop_trees, chequers_serial_rivers_micro_b,
          minmay_ogre_servants, uniq_robin

Skill      XL: |  1  2  3  4  5 |
---------------+----------------+-----
Invocations    | 2 3 |  3.5
Short Blades   | 3 4 |  4.0
Dodging        | 4 5 |  5.2
Fighting       | 3 |  3.5

Action                   |  1- 3 |  4- 6 || total
-------------------------+-------+-------++-------
Melee: Short sword       |   182 |   122 ||   304
       Punch             |     6 |       ||     6
Invok: Depart the Abyss  |     1 |       ||     1
       Banish            |       |     1 ||     1
  Use: Potion            |     2 |       ||     2
       Scroll            |       |     4 ||     4
 Stab: Sleeping          |     1 |     4 ||     5
Armor: Robe              |    17 |    11 ||    28
Dodge: Dodged            |   138 |    93 ||   231

Table legend: (Time is in decaauts)
 A = Elapsed time spent in this place.
 B = Non-inter-level travel time spent in this place.
 C = Inter-level travel time spent in this place.
 D = Time resting spent in this place.
 E = Time spent auto-exploring this place.
 F = Levels seen in this place.
 G = Mean time per level.
                   A        B        C        D        E       F      G
               +--------+--------+--------+--------+--------+-----+--------+
         Total |   3881 |   3856 |     25 |   1764 |   1193 |   6 |  646.8 |
       Dungeon |   3812 |   3787 |     25 |   1764 |   1192 |   4 |  953.0 |
         Abyss |     68 |     68 |      0 |      0 |      1 |   2 |   34.0 |
               +--------+--------+--------+--------+--------+-----+--------+

Top non-repeatable levels by time:
     D:1: 1395 daAuts
     D:3: 1265 daAuts
     D:2: 753 daAuts
     D:4: 398 daAuts
 Abyss:1: 50 daAuts
 Abyss:2: 18 daAuts
